AoeStats
← eyupfc

MegaRandom

505714343Analyzed
3v3 RM · 22d ago on Sep 10, 2026· 51m 0s· 6 players
Game mode
Random Map
Map size
Normal (6 player)
Population
200
Speed
Normal
Resources
Standard
Victory
Conquest
Starting age
Dark Age
Ending age
Imperial Age
RankedLock teamsTeams togetherTeam positionsShared explorationLock speedFull tech treeHidden civsTurbo modeCheats
Victory
Defeat
🇺🇸 Celts · United States
1164
+16
🇺🇸 Chinese · United States
1160
+16
🇹🇷 Mongols · Türkiye
1152
+16
🇨🇭 Malians · Switzerland
1220
-18
🇨🇭 Hindustanis · Switzerland
1194
-18
🇨🇭 Muisca · Switzerland
1071
-12
eyupfc
8:37 Feudal Age
9:10 Double-Bit Axe
9:06 Horse Collar
10:52 Loom
20:56 Castle Age
19:20 Gold Mining
19:25 Fishing Lines
20:31 Bloodlines
22:13 Bow Saw
22:05 Gillnets
23:27 Wheelbarrow
23:43 Husbandry
24:51 Scale Barding Armor
25:23 Heavy Plow
25:36 Forging
27:00 Iron Casting
26:48 Chain Barding Armor
30:52 Iron Casting
34:19 Imperial Age
34:45 Cavalier
37:15 Gold Shaft Mining
40:20 Hand Cart
41:08 Chemistry
39:48 Light Cavalry
41:20 Town Watch
42:00 Conscription
42:28 Ballistics
42:01 Fletching
42:13 Padded Archer Armor
43:14 Blast Furnace
43:28 Bodkin Arrow
43:49 Leather Archer Armor
43:33 Murder Holes
44:20 Caravan
44:03 Hussar
48:40 Drill
47:45 Elite Mangudai
50:36 Bracer
Pdude869
0:28 Loom
12:04 Feudal Age
16:56 Castle Age
14:52 Double-Bit Axe
22:31 Bow Saw
23:37 Fletching
29:11 Bodkin Arrow
30:32 Padded Archer Armor
31:47 Ballistics
31:40 Masonry
37:45 Imperial Age
39:40 Bracer
40:43 Chemistry
39:14 Capped Ram
43:49 Leather Archer Armor
43:11 Siege Ram
47:55 Elite Chu Ko Nu
petey_hs
9:27 Loom
11:50 Feudal Age
17:12 Castle Age
15:40 Double-Bit Axe
15:59 Horse Collar
18:43 Scale Mail Armor
24:07 Wheelbarrow
23:42 Fletching
27:41 Town Watch
28:11 Hand Cart
32:36 Imperial Age
31:31 Heavy Plow
32:45 Bow Saw
32:57 Forging
33:24 Heavy Scorpion
39:41 Chemistry
40:34 Stone Mining
41:02 Pikeman
42:02 Chain Mail Armor
42:22 Iron Casting
41:43 Bodkin Arrow
42:27 Stronghold
42:57 Conscription
42:27 Stronghold
43:50 Caravan
44:48 Padded Archer Armor
44:56 Scale Barding Armor
48:35 Ballistics
48:12 Murder Holes
47:57 Treadmill Crane
48:23 Siege Engineers
49:37 Plate Mail Armor
50:08 Blast Furnace
49:23 Leather Archer Armor
49:23 Masonry
50:03 Conscription
49:58 Furor Celtica
Zedd
10:54 Feudal Age
9:53 Loom
19:16 Castle Age
19:14 Forging
19:06 Scale Mail Armor
19:05 Stone Mining
18:59 Horse Collar
19:06 Double-Bit Axe
20:09 Pikeman
23:16 Wheelbarrow
22:26 Town Watch
25:29 Squires
25:15 Arson
26:09 Iron Casting
28:27 Chain Mail Armor
30:07 Heavy Plow
30:31 Fletching
31:25 Bodkin Arrow
33:04 Ballistics
32:59 Gold Mining
35:40 Masonry
41:52 Imperial Age
44:45 Bow Saw
48:00 Chemistry
Bobpower
2:44 Loom
13:38 Feudal Age
19:41 Castle Age
17:55 Champi Runner
20:21 Wheelbarrow
20:53 Squires
20:44 Double-Bit Axe
22:08 Town Watch
26:40 Pikeman
28:01 Fishing Lines
31:53 Gillnets
32:21 Horse Collar
32:52 Champi Warrior
39:46 Hand Cart
39:33 Town Patrol
41:22 Heavy Plow
41:13 Gold Mining
41:14 Stone Mining
41:35 Bow Saw
41:43 Scale Mail Armor
41:54 Forging
44:08 Chain Mail Armor
Hairy Butter
4:39 Loom
10:15 Feudal Age
16:30 Castle Age
15:43 Double-Bit Axe
17:17 Horse Collar
22:38 Gold Mining
25:32 Squires
25:34 Scale Mail Armor
26:29 Forging
26:37 Arson
27:22 Chain Mail Armor
29:42 Iron Casting
30:26 Pikeman
35:08 Imperial Age
33:13 Bloodlines
32:24 Light Cavalry
33:05 Husbandry
35:02 Town Watch
35:53 Wheelbarrow
35:37 Scale Barding Armor
37:19 Chain Barding Armor
43:16 Blast Furnace
43:41 Heavy Plow
47:15 Plate Barding Armor
Connection lost

Rejoining the realm…

Still unreachable

The connection could not be restored.

Session expired

The server has moved on; the page needs a fresh start.